 Dungeon Crawl Stone Soup version 0.31-a0-233-g139696dc86 (webtiles) character file.

Game seed: 8680131359547019016

25 qw the Shooter (level 2, 0/24 HPs)
             Began as a Minotaur Hexslinger on July 8, 2023.
             Slain by an adder (1 damage)
             ... on level 2 of the Dungeon.
             The game lasted 00:00:16 (788 turns).

qw the Shooter (Minotaur Hexslinger)                 Turns: 788, Time: 00:00:16

Health: 0/24       AC:  2    Str: 12    XL:     2   Next: 86%
Magic:  2/2        EV: 12    Int: 10    God:
Gold:   74         SH:  0    Dex: 12    Spells: 2/3 levels left

rFire   . . .        Y - +1 sling
rCold   . . .        (no shield)
rNeg    . . .        c - +0 robe
rPois   .            (helmet restricted)
rElec   .            (no cloak)
rCorr   .            (no gloves)
SInv    .            (no boots)
Will    .....        (no amulet)
Stlth   +            (no ring)
HPRegen 0.24/turn    (no ring)
MPRegen 0.08/turn

%: no passive effects
@: lethally poisoned (0 -> -11)
A: horns 2, retaliatory headbutt
a: no special abilities


You were on level 2 of the Dungeon.
You visited 1 branch of the dungeon, and saw 2 of its levels.

You collected 74 gold pieces.


Innate Abilities, Weirdness & Mutations

You have a pair of horns on your head.
You reflexively headbutt those who attack you in melee.


   Skills:
 - Level 2.0 Fighting
 + Level 3.5 Ranged Weapons
 - Level 2.1 Dodging
 - Level 1.0 Spellcasting
 - Level 2.0 Hexes


You had 2 spell levels left.
You knew the following spells:

 Your Spells              Type           Power      Damage    Failure   Level
a - Slow                  Hex            16%        N/A       16%         1

Your spell library contained the following spells:

 Spells                   Type           Power      Damage    Failure   Level
 Inner Flame              Hex/Fire       2%         N/A       56%         3
 Portal Projectile        Hex/Tloc       4%         N/A       56%         3
 Cause Fear               Hex            2%         N/A       83%         4

Inventory:

Hand Weapons
 Y - a +1 sling (weapon)
Armour
 c - a +0 robe (worn)
Potions
 d - a potion of mutation {unknown}
 e - a potion of might {unknown}

Dungeon Overview and Level Annotations

Branches:
Dungeon (2/15)

Altars:


Message History

The sling bullet completely misses the adder.
You shoot a sling bullet.
The sling bullet closely misses the adder.
The adder misses you. x2
You shoot a sling bullet. The sling bullet misses the adder.
The adder closely misses you.
You shoot a sling bullet.
The sling bullet barely misses the adder.
The adder bites you. x2
You shoot a sling bullet.
The sling bullet closely misses the adder.
The adder bites you. The adder misses you.
You shoot a sling bullet.
The sling bullet barely misses the adder.
The adder completely misses you.
You shoot a sling bullet.
The sling bullet barely misses the adder.
The adder bites you.
You are poisoned.
The adder poisons you! The adder completely misses you.
You furiously retaliate!
You headbutt the adder. You shoot a sling bullet.
The sling bullet misses the adder.
You feel sick. The adder bites you.
You are more poisoned.
The adder poisons you!
You shoot a sling bullet. The sling bullet misses the adder.
You feel sick. The adder bites you. x2
You are lethally poisoned!
The adder poisons you!
You shoot a sling bullet.
The sling bullet closely misses the adder.
You feel very sick. The adder bites you.
You are more poisoned.
The adder poisons you!
You shoot a sling bullet.
The sling bullet completely misses the adder.
You feel very sick. The adder barely misses you. The adder bites you.
You die...

########
#......#
#.####.#
#########.####.#
#...........##.#
#@#######.#.##.#
......S....(#
#......#
###...#.###.#
###.####
........# #.##
###.. ### #..#
.# #.. ##.# .#
#. #.# .# .. #.#
.## ### #.#


You could see an adder.

Vanquished Creatures
  A worm (D:2)
  An endoplasm (D:1)
  3 jackals (D:1)
  A quokka (D:1)
  4 ball pythons (D:1)
  A bat (D:1)
  4 frilled lizards (D:1)
  5 goblins (D:1)
  2 kobolds (D:1)
  2 rats (D:1)
24 creatures vanquished.

Notes
Turn   | Place    | Note
-------+----------+-------------------------------------------
     0 | D:1      | qw the Minotaur Hexslinger began the quest for the Orb.
     0 | D:1      | Reached XP level 1. HP: 16/16 MP: 1/1
     0 | D:1      | 0 ||| qw: Version: 0.3-a-46-gb1f654a
     0 | D:1      | 0 ||| qw: Game counter: 3749
     0 | D:1      | 0 ||| qw: Melee chars always use a shield: true
     0 | D:1      | 0 ||| qw: God list: Okawaru
     0 | D:1      | 0 ||| qw: Allow faded altars: false
     0 | D:1      | 0 ||| qw: Do Orc after clearing Dungeon:15 true
     0 | D:1      | 0 ||| qw: Do second Lair branch before Depths: true
     0 | D:1      | 0 ||| qw: Lair rune preference: random
     0 | D:1      | 0 ||| qw: Goals: Normal
     0 | D:1      | 0 ||| PLANNING D:1-11
   141 | D:1      | Reached skill level 3 in Ranged Weapons
   152 | D:1      | Reached XP level 2. HP: 23/23 MP: 2/2
   242 | D:1      | Found Ineacig's Magic Scroll Emporium.
   641 | D:1      | 641 ||| READING scroll labelled HENUMOISIWK.
   642 | D:1      | 642 ||| DROPPING scroll of poison.
   787 | D:2      | HP: 6/24 [poisoned by an adder]
   788 | D:2      | HP: 1/24 [poisoned by an adder]
   788 | D:2      | Slain by an adder

Levels and vault maps discovered:
D:1:      dpeg_arrival_rooms_c, layout_loops_ring, serial_shops, shop
D:2:      layout_loops_corners, grunt_ministairs_12, uniq_terence

Skill      XL: |  1  2 |
---------------+-------+-----
Ranged Weapons | 3 |  3.5
Fighting       | 2 |  2.0
Dodging        | |  2.1
Spellcasting   | |  1.0
Hexes          | |  2.0

Action                     || total
---------------------------++-------
   Fire: Sling             ||    76
    Use: Scroll            ||     1
 Armour: Robe              ||     5
  Dodge: Dodged            ||    19

Table legend:
 A = Non-vault XP
 B = Vault XP
 C = Vault XP percentage of total XP
 D = Non-vault monster count
 E = Vault monster count
 F = Vault count percentage of total count
                 A         B        C        D         E       F
            +---------+---------+-------+---------+---------+-------
      Total |      37 |       0 |   0.0 |      24 |       0 |   0.0
            +---------+---------+-------+---------+---------+-------
        D:1 |      32 |       0 |   0.0 |      23 |       0 |   0.0
        D:2 |       5 |       0 |   0.0 |       1 |       0 |   0.0
            +---------+---------+-------+---------+---------+-------
